 Dungeon Crawl Stone Soup version 0.30-a0-1163-gf69bf04e7a (webtiles) character file.

Game seed: 4243173326490654620

217 Esekla the Covert (level 5, 0/37 HPs)
             Began as an Octopode Delver on Apr 28, 2023.
             Was an Initiate of Gozag.
             Slain by a gnoll
             ... wielding a +0 spear
              (9 damage)
             ... on level 4 of the Dungeon.
             The game lasted 00:14:50 (3358 turns).

Esekla the Covert (Octopode Delver)                 Turns: 3358, Time: 00:14:50

Health: 0/37       AC:  1    Str: 12    XL:     5   Next: 94%
Magic:  7/7        EV: 13    Int: 14    God:    Gozag
Gold:   838        SH:  0    Dex: 13    Spells: 6/6 levels left

rFire   . . .        a - +0 falchion
rCold   . . .        (no shield)
rNeg    . . .        (helmet restricted)
rPois   .            (no amulet)
rElec   .            (no ring)
rCorr   .            (no ring)
SInv    .            (no ring)
Will    .....        (no ring)
Stlth   +++++        (no ring)
HPRegen 0.26/turn    (no ring)
MPRegen 0.10/turn    (no ring)
                     (no ring)

%: no passive effects
@: gold aura
A: almost no armour, amphibious, 8 rings, camouflage 1, gelatinous body 1,
(nimble swimmer 1), tentacles
a: Renounce Religion, Potion Petition, Call Merchant, Bribe Branch


You were on level 4 of the Dungeon.
You worshipped Gozag.
Gozag was pleased with you.
You visited 2 branches of the dungeon, and saw 6 of its levels.

You collected 854 gold pieces.
You paid 16 gold pieces to Gozag.

Inventory:

Hand Weapons
 a - a +0 falchion (weapon)
 s - a +0 dagger
Missiles
 h - a silver boomerang
 u - a boomerang (quivered)
Wands
 f - a wand of digging (3)
Scrolls
 b - a scroll of fog
 d - a scroll of fear
 g - 2 scrolls of enchant weapon {unknown}
 j - 6 scrolls of identify {unknown}
 m - a scroll of teleportation {unknown}
 n - a scroll of blinking {unknown}
 o - 2 scrolls of amnesia {unknown}
 r - 2 scrolls of silence {unknown}
Potions
 c - 2 potions of might {unknown}
 e - 3 potions of haste
 i - a potion of heal wounds {unknown}
 k - a potion of ambrosia {unknown}
 l - 2 potions of cancellation {unknown}
 p - 3 potions of degeneration {unknown}
 q - a potion of berserk rage {unknown}
 t - a potion of invisibility {unknown}
 v - 2 potions of flight {unknown}
 w - a potion of brilliance {unknown}
 x - a potion of curing {unknown}


   Skills:
 * Level 3.7 Fighting
 + Level 0.6(2.2) Short Blades
 * Level 3.4 Long Blades
 * Level 2.8 Dodging
 + Level 8.0 Stealth
 * Level 1.3 Spellcasting


You had 6 spell levels left.
You didn't know any spells.
Your spell library contained the following spells:

 Spells                   Type           Power      Damage    Failure   Level
 Lesser Beckoning         Tloc           0%         N/A       36%         2
 Call Canine Familiar     Summ           0%         N/A       58%         3
 Gell's Gravitas          Tloc           0%         N/A       58%         3
 Portal Projectile        Hex/Tloc       0%         N/A       58%         3
 Teleport Other           Tloc           0%         N/A       58%         3
 Leda's Liquefaction      Hex/Erth       0%         N/A       94%         4


Dungeon Overview and Level Annotations

Branches:
Dungeon (5/15)             Temple (1/1) D:5

Altars:
Ashenzari
Dithmenos
Elyvilon
Gozag
Kikubaaqudgha
Nemelex Xobeh
Ru
Sif Muna
Vehumet
Wu Jian
Xom
Yredelemnul
Zin

Shops:
D:3 =

Annotations:
D:5 Edmund
Temple 2 transporters


Innate Abilities, Weirdness & Mutations

You cannot wear most types of armour.
You are amphibious.
You can wear up to eight rings at the same time.
Your skin changes colour to match your surroundings (Stealth+).
Your rubbery body absorbs attacks. (AC +1, EV +1)
((You are camouflaged when in or above water. (Stealth+)))
You have tentacles for arms and can constrict up to eight enemies at once.


Message History

You throw a boomerang. The boomerang hits the gnoll.
The gnoll is moderately wounded.
Throw: boomerang
Press: ? - help, Q - select action, (/) - cycle Shift-Dir - straight line, f/p - gnoll
Aim: a gnoll, wielding a +0 flail (moderately wounded, 61% to hit)
You throw a boomerang. The boomerang hits the gnoll.
The gnoll is heavily wounded.
Throw: boomerang
Press: ? - help, Q - select action, (/) - cycle Shift-Dir - straight line, f/p - gnoll
Aim: a gnoll, wielding a +0 flail (heavily wounded, 61% to hit)
You throw a boomerang. The boomerang barely misses the gnoll.
You barely miss the gnoll. Your grab misses the gnoll. You squeeze the gnoll.
The gnoll is heavily wounded.
The gnoll barely misses you. The gnoll hits you with a +0 flail!
The gnoll shouts!
You hit the gnoll. Your grab misses the gnoll.
The gnoll is severely wounded.
The gnoll hits you with a +0 flail.
You barely miss the gnoll. Your grab misses the gnoll.
You tentacle-slap the gnoll.
The gnoll is almost dead.
The gnoll misses you.
You hit the gnoll but do no damage. Your grab misses the gnoll.
The gnoll is almost dead.
The gnoll hits you with a +0 flail.
You closely miss the gnoll. You grab the gnoll.
The gnoll is almost dead.
You constrict the gnoll.
You kill the gnoll!
The gnoll closely misses you.
You closely miss the gnoll. Your grab misses the gnoll.
Your squeeze misses the gnoll. The gnoll hits you with a +0 spear.
You closely miss the gnoll. Your grab misses the gnoll.
The gnoll hits you with a +0 spear.
* * * LOW HITPOINT WARNING * * *
You hit the gnoll. Your grab misses the gnoll.
The gnoll is moderately wounded.
The gnoll hits you with a +0 spear!
You die...
Your body crumbles into a pile of gold.

.#...#.....#..#
........#......
#.#..#...#?.#
#.............
#.#.#.._..#.#.
#............. ##
.####.#..#...#..#
#.............#..=...
...........#@$...#..#
#...........g#.#....#
[.....#####.......#.#
............####### #
...............###..
...................
...............###
####...........#
#........)..#


You could see a gnoll.

Vanquished Creatures
  Jessica (D:2)
  An iguana (D:5)
  An orc wizard (D:3)
  2 gnolls (D:4)
  2 adders
  A dart slug (D:4)
  4 orcs
  6 endoplasms
  4 giant cockroaches
  14 goblins
  11 hobgoblins
  2 jackals (D:3)
  2 quokkas (D:1)
  8 ball pythons
  9 bats
  3 frilled lizards
  9 kobolds
  13 rats
93 creatures vanquished.

Vanquished Creatures (others)
  4 plants (D:3)
4 creatures vanquished.

Grand Total: 97 creatures vanquished

Notes
Turn   | Place    | Note
-------+----------+-------------------------------------------
     0 | D:5      | Esekla the Octopode Delver began the quest for the Orb.
     0 | D:5      | Reached XP level 1. HP: 16/16 MP: 1/1
    23 | D:5      | Noticed an iguana
    36 | D:5      | Killed an iguana
    37 | D:5      | Reached skill level 7 in Stealth
    37 | D:5      | Reached XP level 2. HP: 17/21 MP: 2/2
    37 | D:5      | Reached XP level 3. HP: 21/26 MP: 3/3
    60 | D:5      | Found a staircase to the Ecumenical Temple.
    75 | Temple   | Entered the Ecumenical Temple
    75 | Temple   | Found a transporter.
    75 | Temple   | Found a transporter.
    77 | Temple   | Found a transporter.
    77 | Temple   | Found a transporter.
    87 | Temple   | Became a worshipper of Gozag Ym Sagoz the Greedy
   119 | D:5      | Noticed an ogre
   151 | D:5      | Noticed Edmund
   367 | D:2      | Found a faded altar of an unknown god.
   374 | D:2      | Noticed Jessica
   378 | D:2      | Killed Jessica
   379 | D:2      | Reached XP level 4. HP: 31/31 MP: 3/5
   545 | D:2      | Reached skill level 1 in Spellcasting
  1064 | D:1      | Reached XP level 5. HP: 35/36 MP: 6/6
  2194 | D:3      | Found a white marble altar of Elyvilon.
  2251 | D:3      | Found Gosem's Jewellery Emporium.
  2573 | D:3      | Found a glowing silver altar of Zin.
  2573 | D:3      | Found a sparkling altar of Nemelex Xobeh.
  2648 | D:3      | Found a shimmering altar of Xom.
  3314 | D:4      | Reached skill level 8 in Stealth
  3336 | D:4      | Found a radiant altar of Vehumet.
  3358 | D:4      | Slain by a gnoll

Illustrated notes

Levels and vault maps discovered:
D:1:      lightli_arrival_windingriver, layout_basic, minmay_three_crescents
D:2:      cheibrodos_greedy_goblins, layout_loops_cross,
          chequers_ecumenical_altar_simple, mrwooster_statue_mirror,
          minmay_tiny_reverse_x, uniq_jessica
D:3:      layout_basic, xom_butterflies, nicolae_elyvilon_temple_path,
          chequers_temple_overflow_statue_of_worship, serial_bayou,
          serial_bayou_pond_c, serial_bayou_ford_a, serial_bayou_shore_a,
          serial_bayou_pond_e, serial_shops, nicolae_diamond_shop
D:4:      layout_basic, old_standard_altar, nicolae_vehumet_radiance
D:5:      layout_loops_cross, nicolae_hepliaklqana_monster_ancestors,
          minmay_temple_entry_offerings, item_on_display_a, uniq_sigmund,
          uniq_edmund
Temple:   hellmonk_temple_divided_pantheon

Skill      XL: |  1  2  3  4  5 |
---------------+----------------+-----
Stealth        | 7 8 |  8.0
Spellcasting   | 1 |  1.3
Long Blades    | 3 |  3.4
Fighting       | |  3.7
Short Blades   | |  0.6
Dodging        | |  2.8

Action                     |  1- 3 |  4- 6 || total
---------------------------+-------+-------++-------
  Melee: Falchion          |    17 |   118 ||   135
         Tentacles         |     2 |    26 ||    28
         Constrict         |     3 |    33 ||    36
         Dagger            |     4 |    29 ||    33
         Punch             |       |     1 ||     1
  Throw: Boomerang         |       |     6 ||     6
    Use: Scroll            |     1 |       ||     1
   Stab: Sleeping          |     7 |    15 ||    22
         Distracted        |       |     2 ||     2
 Armour: Skin              |       |    11 ||    11
  Dodge: Dodged            |     7 |    77 ||    84

Table legend: (Time is in decaauts)
 A = Elapsed time spent in this place.
 B = Non-inter-level travel time spent in this place.
 C = Inter-level travel time spent in this place.
 D = Time resting spent in this place.
 E = Time spent auto-exploring this place.
 F = Levels seen in this place.
 G = Mean time per level.
                   A        B        C        D        E       F      G
               +--------+--------+--------+--------+--------+-----+--------+
         Total |   3369 |   3287 |     82 |    359 |   1412 |   6 |  561.5 |
       Dungeon |   3334 |   3252 |     82 |    359 |   1412 |   5 |  666.8 |
        Temple |     34 |     34 |      0 |      0 |      0 |   1 |   34.0 |
               +--------+--------+--------+--------+--------+-----+--------+

Top non-repeatable levels by time:
     D:3: 1144 daAuts
     D:1: 981 daAuts
     D:2: 812 daAuts
     D:4: 276 daAuts
     D:5: 119 daAuts
  Temple: 34 daAuts
